 Dungeon Crawl Stone Soup version 0.27.1-33-g824d729ab1 (webtiles) character file.

Game seed: 1006689670115245130

7 styxcanada the Sneak (level 1, -1/10 HPs)
             Began as a Spriggan Brigand on Dec 12, 2021.
             Frozen to death by an endoplasm (5 damage)
             ... on level 1 of the Dungeon.
             The game lasted 00:01:56 (269 turns).

styxcanada the Sneak (Spriggan Brigand)              Turns: 269, Time: 00:01:57

Health: -1/10      AC:  3    Str:  7    XL:     1   Next: 91%
Magic:  2/2        EV: 16    Int: 12    God:
Gold:   0          SH:  0    Dex: 16    Spells: 0/0 levels left

rFire    . . .     SeeInvis +   a - +2 dagger
rCold    . . .     Faith    .   (shield restricted)
rNeg     . . .     Spirit   .   b - +0 robe
rPois    .         Reflect  .   (helmet restricted)
rElec    .         Harm     .   c - +0 cloak
rCorr    .         Rampage  .   (gloves unavailable)
Will     .....                  (boots unavailable)
Stlth    +++.......             (no amulet)
HPRegen  0.03/turn              (no ring)
MPRegen  0.08/turn              (no ring)

@: very quick
A: very small, no large weapons, unfitting armour, see invisible, speed 3
a: no special abilities


You were on level 1 of the Dungeon.
You visited 1 branch of the dungeon, and saw 1 of its levels.

Inventory:

Hand Weapons
 a - a +2 dagger (weapon)
Missiles
 d - 7 poisoned darts (quivered)
 e - 2 curare-tipped darts
 f - 11 stones
 g - 6 atropa-tipped darts
Armour
 b - a +0 robe (worn)
 c - a +0 cloak (worn)


   Skills:
 * Level 1.6 Fighting
 + Level 2.4 Short Blades
 + Level 2.0 Throwing
 * Level 1.6 Dodging
 * Level 6.2 Stealth


You couldn't memorise any spells.
You didn't know any spells.
Your spell library contained the following spells:

 Spells                   Type           Power      Damage    Failure   Level
 Static Discharge         Conj/Air       0%         N/A       45%         2
 Dispel Undead            Necr           0%         3d6       97%         4
 Sticky Flame             Conj/Fire      0%         2d3       97%         4


Dungeon Overview and Level Annotations

Branches:
Dungeon (1/15)

Altars:


Innate Abilities, Weirdness & Mutations

You are very small and have problems with some larger weapons.
You are too small for most types of armour.
You have supernaturally acute eyesight. (SInv)
You cover ground extremely quickly. (Speed+++)


Message History

g - 6 atropa-tipped darts
There are no items here.
You see here a +0 hand axe.
Throw: 8 darts (poison)
Press: ? - help, Q - select action, (/) - cycle Shift-Dir - straight line, f - goblin
Aim: a goblin, wielding a +0 club (53% to hit)
You throw a poisoned dart.
The poisoned dart barely misses the goblin.
Throw: 7 darts (poison)
Press: ? - help, Q - select action, (/) - cycle Shift-Dir - straight line, f/p - goblin
Aim: a goblin, wielding a +0 club (53% to hit)
You throw a poisoned dart. The poisoned dart misses the goblin.
Throw: 6 darts (poison)
Press: ? - help, Q - select action, (/) - cycle Shift-Dir - straight line, f/p - goblin
Aim: a goblin, wielding a +0 club (53% to hit)
You throw a poisoned dart. The poisoned dart hits the goblin.
The goblin is poisoned.
You hit the goblin.
You kill the goblin!
Things that are here:
a +0 club; a goblin corpse You see here a +0 hand axe.
d - 7 poisoned darts (gained 2)
You aren't carrying any scrolls.
A bat comes into view.
The bat moves out of view.
You see here a ball python corpse.
You hit the bat.
You kill the bat!
You start resting.
An endoplasm is nearby!
You see here a bat corpse.
You see here a bat corpse.
The endoplasm quivers.
You hit the endoplasm.
The endoplasm is moderately wounded.
The endoplasm freezes you.
You are frozen.
Ouch! That really hurt!
You die...

###....##>####...# ###
............##...##...
......................
###########..†.#......#
+.)....)......†.......#
############..........## .
#.+....†......g
#.#.#...#.###.###
#.#.#####@.......
#........J..#.#.#
###.######.##.###...#
##########..J...........#...
.........#########.#.##.#..#
............#### #.........
########.......###...#....#
.......####.....##..†#.#..#
..........###....###†.....#


You could see an endoplasm.

Vanquished Creatures
  A goblin (D:1)
  A hobgoblin (D:1)
  A quokka (D:1)
  2 ball pythons (D:1)
  2 bats (D:1)
7 creatures vanquished.

Notes
Turn   | Place    | Note
-------+----------+-------------------------------------------
     0 | D:1      | styxcanada the Spriggan Brigand began the quest for the
                  | Orb.
     0 | D:1      | Reached XP level 1. HP: 10/10 MP: 2/2
   186 | D:1      | Reached skill level 6 in Stealth
   269 | D:1      | Frozen to death by an endoplasm

Illustrated notes

Levels and vault maps discovered:
D:1:      dpeg_arrival_circle_labyrinth_c, layout_basic

Skill      XL: |  1 |
---------------+----+-----
Stealth        | 6 |  6.2
Fighting       | |  1.6
Short Blades   | |  2.4
Throwing       | |  2.0
Dodging        | |  1.6

Action                   || total
-------------------------++-------
Melee: Dagger            ||    17
Throw: Dart              ||     6
 Stab: Sleeping          ||     1
Armor: Robe              ||     2
Dodge: Dodged            ||     9
